Map: Abyssal Reef LE

Players

Lambo

  • Race: Zerg Zerg
  • Spawn Location: 11:00

SpeCIaL - Winner!

  • Race: Terran Terran
  • Spawn Location: 5:00

Event: WCS Jonkoping 2017

VOD

Have the link to the VOD?

Description

Time

  • Played on: June 17, 2017, 2:04 p.m.
  • Length: 6:30

All games in this series

Show
View Real Time Build Order
Export as new Build Order

Lambo Zerg 

Build Orders: Hatch First 

Get SALT Encoding   

  12  0:01  Drone  
  13  0:12  Overlord  
  13  0:17  Drone  
  14  0:30  Drone x2  
  14  0:34  Drone  
  17  0:52  Hatchery  
  17  0:55  Drone  
  17  0:58  Drone  
  17  1:02  Extractor  
  17  1:14  Spawning Pool  
  17  1:17  Drone  
  17  1:20  Drone  
  18  1:29  Drone  
  19  1:41  Overlord  
  19  1:50  Drone  
  20  2:00  Queen  
  22  2:01  Zergling x2  
  22  2:03  Queen  
  22  2:05  Zergling x2  
  26  2:09  Metabolic Boost  
  26  2:16  Spine Crawler  
  26  2:22  Spine Crawler  
  24  2:25  Zergling x2  
  24  2:28  Zergling x2  
  26  2:32  Zergling x2  
  26  2:34  Zergling x2  
  28  2:45  Zergling x4  
  28  2:51  Zergling x4  
  32  2:54  Zergling x2  
  33  3:00  Zergling x2  
  29  3:20  Overlord  
  29  3:26  Evolution Chamber  
  28  3:31  Hatchery, Zergling x6  
  30  3:43  Drone  
  30  3:51  Drone  
  31  4:01  Drone  
  32  4:03  Queen  
  34  4:13  Drone x3  
  37  4:25  Hatchery  
  37  4:30  Overlord  
  36  4:36  Drone  
  37  4:39  Drone  
  37  4:43  Drone  
  39  4:46  Overlord  
  39  5:00  Roach Warren  
  37  5:07  Drone x4  
  38  5:14  Drone x2  
  37  5:22  Drone  
  37  5:23  Drone x2  
  37  5:27  Spore Crawler  
  35  5:30  Zergling x4  
  37  5:42  Drone x2  
  39  5:45  Spore Crawler  
  38  5:50  Drone x2  
  42  5:58  Drone  
  42  6:00  Extractor  
  42  6:03  Roach  
  44  6:07  Overlord  
Show
View Real Time Build Order
Export as new Build Order

SpeCIaL Terran - Winner!

Build Orders: Hellion Banshee 

Get SALT Encoding   

  12  0:00  SCV  
  13  0:13  SCV  
  14  0:19  Supply Depot  
  14  0:25  SCV  
  15  0:42  Barracks  
  15  0:50  Barracks  
  15  0:54  SCV  
  16  1:06  SCV  
  16  1:08  Refinery  
  17  1:18  SCV  
  18  1:29  Marine  
  18  1:30  Orbital Command  
  19  1:37  Marine  
  20  1:42  Bunker  
  20  1:45  Supply Depot  
  20  1:50  Marine  
  21  1:57  SCV  
  21  1:58  Marine  
  23  2:10  Factory  
  23  2:12  Marine  
  23  2:15  SCV  
  25  2:20  Marine  
  26  2:25  Bunker  
  26  2:28  SCV  
  27  2:37  Marine  
  27  2:40  SCV  
  29  2:52  SCV  
  29  2:55  Factory Reactor  
  29  2:56  Supply Depot  
  30  3:04  SCV  
  31  3:16  SCV  
  31  3:19  Command Center  
  24  3:28  SCV, Starport  
  25  3:35  Hellion  
  25  3:39  Hellion  
  25  3:40  SCV  
  30  3:47  Refinery  
  30  3:52  SCV  
  31  3:57  Hellion  
  31  4:00  Hellion  
  35  4:04  SCV  
  35  4:05  Starport Tech Lab  
  36  4:11  Supply Depot  
  36  4:16  SCV  
  37  4:18  Hellion  
  39  4:26  Cloaking Field  
  39  4:31  Hellion  
  41  4:33  Banshee  
  41  4:36  SCV  
  45  4:44  Armory  
  45  4:48  SCV  
  46  4:53  Orbital Command  
  46  5:00  SCV  
  46  5:01  Hellion  
  48  5:08  Hellion  
  48  5:12  SCV  
  49  5:17  Banshee  
  49  5:20  SCV  
  51  5:24  SCV  
  52  5:32  SCV  
  53  5:39  SCV  
  53  5:40  Hellion  
  58  5:43  Hellion  
  58  5:44  SCV  
  58  5:47  Supply Depot  
  59  5:51  SCV  
  59  5:57  SCV  
  61  6:03  SCV  
  62  6:09  SCV  
  70  6:11  Supply Depot  
  70  6:27  Command Center  
Tags
 
Add a new tag
Caveats
  • Supply blocks, unpowered buildings, or Contaminate may cause inaccurate times.
  • Supply counts are checked every 10 seconds.